 Dungeon Crawl Stone Soup version 0.19-a0-1368-g41a3d51 (webtiles) character file.

164 LORDOFBUTT the Shield-Bearer (level 5, -3/42 HPs)
             Began as a Formicid Fighter on Sept 3, 2016.
             Slain by a killer bee (5 damage)
             ... on level 2 of the Dungeon.
             The game lasted 00:02:09 (1622 turns).

LORDOFBUTT the Shield-Bearer (Formicid Fighter)     Turns: 1622, Time: 00:02:09

Health: -3/42      AC:  7    Str: 20    XL:     5   Next: 73%
Magic:  5/5        EV:  6    Int:  8    God:
Gold:   98         SH: 14    Dex: 11    Spells: 0 memorised, 4 levels left

rFire  + . .     SeeInvis +     a - +0 war axe
rCold  + . .     Gourm    .     b - +0 scale mail
rNeg   . . .     Faith    .     e - +0 large shield
rPois  +         Spirit   .     (helmet unavailable)
rElec  +         Dismiss  .     (no cloak)
rCorr  +         Reflect  .     (no gloves)
MR     +....     Harm     .     (no boots)
Stlth  ..........               (no amulet)
                                (no ring)
                                l - ring of protection from magic

@: lethally poisoned (-3 -> -4), resistant
A: permanent stasis, dig shafts and tunnels, four strong arms, antennae 3
a: Dig, Shaft Self


You were on level 2 of the Dungeon.
You were not hungry.

You visited 1 branch of the dungeon, and saw 3 of its levels.

You collected 98 gold pieces.

Inventory:

Hand Weapons
 a - a +0 war axe (weapon)
Armour
 b - a +0 scale mail (worn)
 e - a +0 large shield (worn)
Jewellery
 l - a ring of protection from magic (left hand)
Wands
 q - a wand of teleportation (4/9)
Scrolls
 g - 3 scrolls of identify {unknown}
 j - a scroll of enchant weapon {unknown}
 k - a scroll of fog {unknown}
 n - a scroll of random uselessness {unknown}
 o - a scroll of immolation {unknown}
 r - a scroll of noise {unknown}
Potions
 c - a potion of heal wounds {unknown}
 d - a potion of might
 i - a potion of brilliance {unknown}
 m - 2 potions of curing {unknown}
Books
 s - a book of the Earth

   Spells                             Type                      Level
   a - Leda's Liquefaction            Hexes/Earth                  4
   b - Bolt of Magma                  Conjuration/Fire/Earth       5
   c - Statue Form                    Transmutation/Earth          6
   d - Iron Shot                      Conjuration/Earth            6
   e - Shatter                        Earth                        9
Comestibles
 f - a bread ration


   Skills:
 + Level 4.2 Fighting
 + Level 2.8 Axes
 + Level 3.8 Armour
 + Level 1.2 Dodging
 + Level 0.3 Stealth
 + Level 5.0 Shields


You had 4 spell levels left.
You didn't know any spells.

Dungeon Overview and Level Annotations

Branches:
Dungeon (3/15)

Altars:

Annotations:
D:3 Ijyb


Innate Abilities, Weirdness & Mutations

You are under a permanent stasis effect.
You can dig through walls and to a lower floor.
Your four strong arms can wield two-handed weapons with a shield.
You have a pair of large antennae on your head. (SInv)


Message History

Your shield and scale mail prevent you from hitting the killer bee.
The killer bee is almost dead.
The killer bee stings you!
* * * LOW HITPOINT WARNING * * *
You block the killer bee's attack. The killer bee barely misses you.
You are too injured to fight recklessly!
You are too injured to fight recklessly!
You closely miss the killer bee.
The killer bee is almost dead.
You feel sick. You block the killer bee's attack.
The killer bee stings you but does no damage.
The killer bee stings you.
* * * LOW HITPOINT WARNING * * *
It was a potion of resistance.
You feel protected. You block the killer bee's attack. x2
You closely miss the killer bee.
The killer bee is almost dead.
You block the killer bee's attack. The killer bee stings you.
You die...

#..#..# #..... ##.#..# #.....
#....# #..... ##...##### #.....
#.......# ###'##
###############...)...# #####.##
......................# #...#...
################)#########.#.####
...รท.# #@y.........#.# .###.#
#############.#### .# #.# #.....
## #.##### ###### #.#...# #######
#.#...# #.....# #.#...# #.#...#
####'#...####<#...#
#.....)....##.#.(.#


You could see a killer bee.

Vanquished Creatures
  An ogre (D:2)
  A gnoll (D:1)
  An adder (D:2)
  3 oozes (D:1)
  A dart slug (D:1)
  2 giant geckos (D:2)
  A bat (D:1)
  6 giant cockroaches
  9 goblins
  8 hobgoblins
  2 quokkas (D:2)
  4 kobolds
  7 rats
46 creatures vanquished.

Notes
Turn   | Place    | Note
-------+----------+-------------------------------------------
     0 | D:1      | LORDOFBUTT the Formicid Fighter began the quest for the Orb.
     0 | D:1      | Reached XP level 1. HP: 18/18 MP: 1/1
    49 | D:1      | Reached XP level 2. HP: 16/24 MP: 2/2
   254 | D:1      | Reached XP level 3. HP: 30/30 MP: 3/3
   255 | D:1      | Reached skill level 4 in Shields
   513 | D:1      | Reached XP level 4. HP: 37/37 MP: 4/4
  1411 | D:3      | Noticed an ogre
  1522 | D:3      | Noticed Ijyb
  1535 | D:2      | Killed an ogre
  1535 | D:2      | Reached skill level 1 in Dodging
  1535 | D:2      | Reached skill level 5 in Shields
  1535 | D:2      | Reached XP level 5. HP: 25/42 MP: 5/5
  1620 | D:2      | HP: 2/42 [killer bee (5)]
  1622 | D:2      | Slain by a killer bee

Vault maps used:
D:1:      dpeg_arrival_line_fractal, kennysheep_minor_cross
D:3:      st_stairs_4, uniq_iyjb, uniq_jessica, uniq_grinder

Skill      XL: |  1  2  3  4 |
---------------+-------------+-----
Shields        | 4 5 |  5.0
Fighting       | 4 |  4.2
Dodging        | 1 |  1.2
Axes           | |  2.8
Armour         | |  3.8
Stealth        | |  0.3

Action                   |  1- 3 |  4- 6 || total
-------------------------+-------+-------++-------
Melee: War axe           |    64 |    78 ||   142
  Use: Potion            |       |     1 ||     1
  Eat: Chunk             |       |     2 ||     2
       Bread ration      |       |     1 ||     1
Armor: Scale mail        |    23 |    33 ||    56
Dodge: Dodged            |     7 |    17 ||    24
Block: Large shield      |    44 |    81 ||   125
